AoeStats
← Pandaduongvat

Golden Pit

510155070Analyzed
1v1 RM · 20h ago on Sep 29, 2026· 33m 39s· 2 players
Game mode
Random Map
Map size
Tiny (2 player)
Population
200
Speed
Normal
Resources
Standard
Victory
Conquest
Starting age
Dark Age
Ending age
Imperial Age
RankedLock teamsTeams togetherTeam positionsShared explorationLock speedFull tech treeHidden civsTurbo modeCheats
Victory
Defeat
🇨🇿 Britons · Czechia
1049
+16
🇦🇷 Vietnamese · Argentina
1053
-16
Pandaduongvat
9:10 Loom
14:43 Feudal Age
20:38 Castle Age
18:48 Fletching
19:05 Scale Barding Armor
19:11 Forging
19:02 Padded Archer Armor
18:56 Double-Bit Axe
18:53 Horse Collar
24:05 Gold Mining
27:38 Ballistics
29:36 Elite Skirmisher
GarraJaguar
2:36 Loom
12:40 Feudal Age
13:19 Double-Bit Axe
15:41 Gold Mining
23:32 Fletching
29:12 Castle Age
28:59 Padded Archer Armor
30:23 Wheelbarrow
30:15 Crossbowman
31:24 Bodkin Arrow
Connection lost

Rejoining the realm…

Still unreachable

The connection could not be restored.

Session expired

The server has moved on; the page needs a fresh start.